[Event "Late-Titled-Tuesday-Blitz-March-19-2024"]
[Site "Chess.com"]
[Date "2024.03.19"]
[Round "4"]
[White "ATM622"]
[Black "tarno17"]
[Result "1-0"]
[WhiteElo "2506"]
[BlackElo "2187"]
[TimeControl "180+1"]
[EndTime "14:38:02 PDT"]
[Termination "ATM622 won on time"]

1. d4 d5 2. c4 e6 3. Nf3 Nf6 4. g3 Bb4+ 5. Bd2 Be7 6. cxd5 exd5 7. Bg2 O-O 8. O-O b6 9. Nc3 c5 10. Bg5 Bb7 11. Qc2 Nc6 12. Rfd1 Ne4 13. Bxe7 Qxe7 14. Nxd5 Qe6 15. Nc7 Nb4 16. Qb1 Qc4 17. Nxa8 Qxe2 18. Rf1 Bxa8 19. a3 Nd3 20. Qd1 Qxd1 21. Raxd1 Nxb2 22. Rb1 Nc4 23. dxc5 bxc5 24. Rbc1 Nxa3 25. Ne5 f6 26. Nd7 Rd8 27. Nxc5 Nxc5 28. Rxc5 Bxg2 29.
Kxg2 a6 30. Ra1 Nb5 31. Rxa6 Nd4 32. Ra7 1-0

[Event "Late-Titled-Tuesday-Blitz-March-19-2024"]
[Site "Chess.com"]
[Date "2024.03.19"]
[Round "4"]
[White "miraitrunks"]
[Black "ThaBarWa"]
[Result "0-1"]
[WhiteElo "2166"]
[BlackElo "2343"]
[TimeControl "180+1"]
[EndTime "14:38:03 PDT"]
[Termination "ThaBarWa won by resignation"]

1. e4 c5 2. Nc3 Nc6 3. Nge2 e5 4. d3 d6 5. g3 g6 6. Bg2 Bg7 7. Be3 Nge7 8. O-O O-O 9. f4 Rb8 10. a4 Nd4 11. fxe5 dxe5 12. h3 Be6 13. a5 Qd7 14. Kh2 h5 15. Qd2 Kh7 16. Bg5 f6 17. Be3 g5 18. Rf2 Ng6 19. Raf1 h4 20. Nd5 hxg3+ 21. Nxg3 Nf4 22. Bxf4 gxf4 23. Ne2 Rh8 24. Nxd4 cxd4 25. Qb4 Kg6 26. Rf3 Kf7 27. Rg1 Rh6 28. Bf1 Rbh8 29. Qd2 Bxh3 30. Bxh3 Rxh3+ 31. Kg2 Rh2+ 0-1

[Event "Late-Titled-Tuesday-Blitz-March-19-2024"]
[Site "Chess.com"]
[Date "2024.03.19"]
[Round "4"]
[White "GotCheeseCheckers"]
[Black "EcosseKillie"]
[Result "1-0"]
[WhiteElo "2529"]
[BlackElo "2312"]
[TimeControl "180+1"]
[EndTime "14:38:05 PDT"]
[Termination "GotCheeseCheckers won on time"]

1. a3 g6 2. Nf3 Bg7 3. e3 c5 4.
Bc4 d5 5. Ba2 Nc6 6. O-O Nf6 7. d4 cxd4 8. exd4 O-O 9. h3 h6 10.
Bf4 Ne4 11. c3 Be6 12. Nbd2 Rc8 13. Nxe4 dxe4 14. Nd2 Bxa2 15. Rxa2 e5 16. dxe5 Nxe5 17. Bxe5 Bxe5 18. Nxe4 Qh4 19. Qg4 Qe7 20. Raa1 Kh7 21. Qe2 f5 22. Ng3 Rce8 23. Qf3 Qc7 24. Rad1 Rd8 25.
Rxd8 Rxd8 26. Rd1 Rxd1+ 27. Qxd1 Bxg3 28. fxg3 Qxg3 29. Qd7+ Kg8 30. Qc8+ Kf7 31. Qxb7+ Kf6 32. Qxa7 Qe1+ 33. Kh2 Qe5+ 34. Kh1 Qe2 35. Qg1 Qxb2 36. Qd4+ Kg5 37. Qe3+ Kf6 38. Qxh6 Qxc3 39. Qh8+ Kg5 40.
Qxc3 1-0

[Event "Late-Titled-Tuesday-Blitz-March-19-2024"]
[Site "Chess.com"]
[Date "2024.03.19"]
[Round "4"]
[White "kids2010"]
[Black "Alex_Banzea"]
[Result "1-0"]
[WhiteElo "2773"]
[BlackElo "2586"]
[TimeControl "180+1"]
[EndTime "14:38:09 PDT"]
[Termination "kids2010 won on time"]

1. e4 c6 2. d4 d5 3. exd5 cxd5 4. Bd3 Nf6 5. c3 Bg4 6. Qb3 Qc7 7. f3 Bh5 8. Ne2 Nc6 9. Bf4 Qd7 10. Nd2 Bg6 11.
Bxg6 hxg6 12. O-O e6 13. Rae1 Bd6 14. g3 O-O 15. Kg2 Rab8 16. h4 b5 17. a3 Na5 18.
Qc2 Nc4 19. Nxc4 bxc4 20. Bxd6 Qxd6 21. Nf4 Rb3 22. Re2 Rfb8 23. Qc1 Nd7 24. Rff2 Nb6 25. h5 gxh5 26. Nxh5 g6 27. Qh6 gxh5 28. Re5 f6 29. Qxf6 Rb7 30. Rg5+ 1-0

[Event "Late-Titled-Tuesday-Blitz-March-19-2024"]
[Site "Chess.com"]
[Date "2024.03.19"]
[Round "4"]
[White "slorovel"]
[Black "GMKrikor"]
[Result "0-1"]
[WhiteElo "2599"]
[BlackElo "2820"]
[TimeControl "180+1"]
[EndTime "14:38:10 PDT"]
[Termination "GMKrikor won by resignation"]

1. e4 c5 2. Nf3 Nc6 3. Bb5 Nf6 4. Qe2 g6 5. O-O Bg7 6. c3 O-O 7. d3 d6 8. a4 e5 9. Nbd2 h6 10. Rd1 Qc7 11. Nf1 Be6 12. Ne3 Rad8 13. h3 Rfe8 14.
Nd2 d5 15. exd5 Nxd5 16. Nxd5 Bxd5 17. Bc4 Qd7 18. Bxd5 Qxd5 19. Ne4 f5 20. c4 Nd4 21.
Qf1 Qc6 22. Nc3 Nc2 23. Rb1 Nb4 24. b3 e4 25. dxe4 Bxc3 26. Bxh6 Qxe4 27. Rxd8 Rxd8 28.
Rd1 Rxd1 29. Qxd1 Qe1+ 0-1

[Event "Late-Titled-Tuesday-Blitz-March-19-2024"]
[Site "Chess.com"]
[Date "2024.03.19"]
[Round "4"]
[White "Szachulec75"]
[Black "ilushka"]
[Result "0-1"]
[WhiteElo "2189"]
[BlackElo "2384"]
[TimeControl "180+1"]
[EndTime "14:38:10 PDT"]
[Termination "ilushka won by resignation"]

1. Nf3 d5 2. g3 g6 3. Bg2 Bg7 4. d3 e5 5. O-O Nc6 6. Nbd2 f5 7. e4 dxe4 8. dxe4 Nf6 9. Re1 O-O 10. exf5 Bxf5 11. Nxe5 Nxe5 12. Rxe5 Ng4 13. Rd5 Qe7 14. Nf3 Be4 15. Rd7 Qc5 16. Qe2 Rae8 17. Be3 Nxe3 18.
fxe3 Bxf3 19. Bxf3 Rxe3 20. Bd5+ Qxd5 21. Rxg7+ Kxg7 22. Qxe3 Rf3 23. Qe7+ Rf7 24. Qe3 Qc4 25.
c3 h5 26. Re1 Kh7 27. Qxa7 b6 28. Qa3 Qd3 29. Qb4 Qd2 30. Rf1 Qe3+ 31. Kh1 Rxf1+ 0-1

[Event "Late-Titled-Tuesday-Blitz-March-19-2024"]
[Site "Chess.com"]
[Date "2024.03.19"]
[Round "4"]
[White "David_ATM"]
[Black "AGW2016"]
[Result "0-1"]
[WhiteElo "2327"]
[BlackElo "2546"]
[TimeControl "180+1"]
[EndTime "14:38:11 PDT"]
[Termination "AGW2016 won on time"]

1. e4 c5 2. c3 Nf6 3. e5 Nd5 4. d4 cxd4 5. Nf3 d6 6. cxd4 Nc6 7. Bc4 Nb6 8. Bb5 dxe5 9. Nxe5 Bd7 10. Nxd7 Qxd7 11.
Nc3 e6 12. O-O Be7 13. Qg4 Bf6 14. Rd1 O-O 15. Bxc6 Qxc6 16. Bh6 Kh8 17. Ne4 Rg8 18. Rac1 Qd5 19. Be3 Be7 20. Qf3 f5 21. Nd2 Qxa2 22. Rc7 Nd5 23. Rxb7 Rab8 24. Rxb8 Rxb8 25. b3 Bb4 26.
Bf4 Rc8 27. Nc4 Nxf4 28. Qxf4 Qxb3 29. Rc1 h6 30. Ne5 Rxc1+ 31. Qxc1 Qc3 32. Qd1 a5 33.
Kf1 a4 34. g3 a3 35. Qb1 Qxd4 0-1

[Event "Late-Titled-Tuesday-Blitz-March-19-2024"]
[Site "Chess.com"]
[Date "2024.03.19"]
[Round "4"]
[White "Heinza9"]
[Black "dennisodessa"]
[Result "1-0"]
[WhiteElo "2333"]
[BlackElo "2518"]
[TimeControl "180+1"]
[EndTime "14:38:11 PDT"]
[Termination "Heinza9 won by resignation"]

1. c4 e5 2. Nc3 Nc6 3. g3 Bc5 4. Bg2 a6 5. e3 d6 6. Nge2 Ba7 7. d4 Nf6 8. h3 O-O 9. O-O Re8 10. g4 Rb8 11. b3 Bd7 12. a4 Nb4 13. Ba3 a5 14. Bxb4 axb4 15. Nb5 Bxb5 16. axb5 Bb6 17. Ng3 Nd7 18. Qd2 exd4 19. exd4 Qf6 20. Nf5 g6 21. Nh6+ Kg7 22. Rad1 Bxd4 23. g5 Qe5 24. Qxd4 Qxd4 25. Rxd4 f5 26. Rdd1 Nc5 27. Rfe1 Nxb3 28. Rxe8 Rxe8 29.
Rb1 Nd2 30. Rxb4 Re1+ 31. Kh2 Rc1 32. Bxb7 Nxc4 33. Bd5 Nb6 34. Bc6 Rc2 35. Kg2 Nc4 36. Ra4 Ne3+ 37. Kf3 Nd1 38. Ra7 Rxf2+ 39. Kg3 f4+ 40. Kh4 1-0

[Event "Late-Titled-Tuesday-Blitz-March-19-2024"]
[Site "Chess.com"]
[Date "2024.03.19"]
[Round "4"]
[White "LiemLe"]
[Black "Likvidator228"]
[Result "1-0"]
[WhiteElo "3030"]
[BlackElo "2571"]
[TimeControl "180+1"]
[EndTime "14:38:14 PDT"]
[Termination "LiemLe won by resignation"]

1. Nf3 d5 2. g3 Nf6 3. Bg2 c6 4. O-O h6 5. d3 Bf5 6. Nbd2 e6 7. b3 Nbd7 8. Bb2 Be7 9. Re1 Bh7 10. e4 O-O 11. Qe2 a5 12. a3 a4 13. b4 c5 14. exd5 Nxd5 15. c4 N5f6 16. Bc3 Rc8 17. Red1 b5 18. Rac1 cxb4 19. axb4 bxc4 20. dxc4 Qc7 21.
Nd4 Qe5 22. Qf1 Qh5 23. Nc6 Bd6 24. c5 Bc7 25. Ne7+ Kh8 26. Nxc8 Rxc8 27. Nc4 Be4 28. Bxe4 Nxe4 29. Rxd7 Qf3 30. Nd2 Nxd2 31. Rxd2 a3 32. Qd3 Qh5 33. Qa6 Rg8 34. Qxa3 1-0

[Event "Late-Titled-Tuesday-Blitz-March-19-2024"]
[Site "Chess.com"]
[Date "2024.03.19"]
[Round "4"]
[White "GoltsevDmitry2000"]
[Black "yaguigor"]
[Result "1-0"]
[WhiteElo "2756"]
[BlackElo "2573"]
[TimeControl "180+1"]
[EndTime "14:38:15 PDT"]
[Termination "GoltsevDmitry2000 won by resignation"]

1. e4 c5 2. Nf3 Nc6 3. d4 cxd4 4. Nxd4 Nf6 5. Nc3 e5 6. Nf5 d5 7. exd5 Bxf5 8. dxc6 bxc6 9. Bd3 Bxd3 10. Qxd3 Qxd3 11. cxd3 Bb4 12. Ke2 Nd5 13. Nxd5 cxd5 14. Bd2 Bxd2 15. Kxd2 Kd7 16. Rhc1 Rhc8 17. Rxc8 Rxc8 18.
Re1 f6 19. f3 Kd6 20. g3 h5 21.
Re3 g5 22. d4 Rb8 23. dxe5+ fxe5 24. b3 d4 25. Re1 Rc8 26. f4 gxf4 27. gxf4 exf4 28.
Re4 Kd5 29. Rxf4 Rg8 30. Kd3 Rg4 31. Rf5+ Ke6 32. Rxh5 Kd6 33. Ra5 Rh4 34. Rxa7 Kd5 35. Ra5+ Kd6 36. Kc4 Ke6 37. a4 Rh3 38. Rb5 d3 39.
Kc3 Kd6 40. Kd2 Kc6 41. Rg5 Rxh2+ 42. Kxd3 Rh3+ 43. Kc4 Rh4+ 44. Kc3 Kb6 45. Rb5+ Kc6 46. Kb2 Rg4 47. Ka3 Rh4 48. Rg5 Kb6 49. Rg6+ Kb7 50.
a5 Ka7 51. b4 Rf4 52. Rc6 Kb7 53. b5 Rf3+ 54. Kb4 Rf4+ 55. Rc4 Rf7 56. a6+ Ka7 57. Ka5 Rf5 58. Rc7+ Kb8 59. Rd7 Ka8 60. Kb6 Rf6+ 61. Kc7 Rh6 62. b6 Rh7 63. b7+ 1-0

[Event "Late-Titled-Tuesday-Blitz-March-19-2024"]
[Site "Chess.com"]
[Date "2024.03.19"]
[Round "4"]
[White "Keks2017"]
[Black "Lennis93"]
[Result "1-0"]
[WhiteElo "2578"]
[BlackElo "2727"]
[TimeControl "180+1"]
[EndTime "14:38:15 PDT"]
[Termination "Keks2017 won on time"]

1. e4 c5 2. d3 d6 3. g3 Nc6 4. Bg2 g6 5. f4 Bg7 6. Nf3 e6 7. O-O Nge7 8. c3 O-O 9. Be3 b5 10. d4 d5 11. e5 cxd4 12. cxd4 b4 13. Nbd2 a5 14. Nb3 a4 15. Nc5 a3 16. b3 Na7 17.
Qd2 Nec6 18. Rac1 Qb6 19. g4 Nb5 20. Qf2 Nc3 21. Rc2 f6 22. Re1 Ra7 23. Qh4 Re7 24. Qg3 Qb5 25. Bf1 Qb8 26. Bd3 fxe5 27. fxe5 Nd8 28.
h4 Nb7 29. Nxb7 Qxb7 30. h5 gxh5 31. gxh5 Kh8 32. Ng5 Rg8 33. Rg2 Ne4 34. Nxe4 dxe4 35. Bc4 Ree8 36. Qh4 Qf7 37. Rf1 Qe7 38. Bg5 Qa7 39.
Be3 Qe7 40. Qh3 1-0

[Event "Late-Titled-Tuesday-Blitz-March-19-2024"]
[Site "Chess.com"]
[Date "2024.03.19"]
[Round "4"]
[White "atbenina64"]
[Black "Irishchessman16"]
[Result "1-0"]
[WhiteElo "2737"]
[BlackElo "2531"]
[TimeControl "180+1"]
[EndTime "14:38:15 PDT"]
[Termination "atbenina64 won on time"]

1. c4 c5 2. Nf3 g6 3. d4 cxd4 4. Nxd4 Bg7 5. e4 Nc6 6. Be3 Nf6 7. Nc3 d6 8. Be2 O-O 9. O-O Nxd4 10. Bxd4 Be6 11.
Rc1 a5 12. b3 Nd7 13. Be3 Nc5 14. f3 f5 15. exf5 gxf5 16. Qd2 Rf7 17. Rfe1 Be5 18. f4 Bxc3 19. Qxc3 Ne4 20. Qd4 Bd7 21. Bf3 Bc6 22. Rcd1 Rg7 23. c5 d5 24. Qe5 Qf8 25. Rxd5 Bxd5 26. Qxd5+ Qf7 27. Qxb7 Rd8 28. c6 e6 29. c7 Qxc7 30. Qxc7 Rxc7 31. Bb6 Rdc8 32. Bxc7 Rxc7 33. Bxe4 fxe4 34. Rxe4 Rc2 35. Rxe6 Rxa2 36. Re5 Kf7 37. Rb5 Ra3 38. Kf2 Ke6 39. Re5+ Kf6 40. Re3 Ra2+ 41. Kf3 Ra1 42. g4 Rf1+ 43. Ke4 Rh1 44. h3 h5 45. g5+ Kg6 46. Ke5 1-0

[Event "Late-Titled-Tuesday-Blitz-March-19-2024"]
[Site "Chess.com"]
[Date "2024.03.19"]
[Round "4"]
[White "ChessSwole"]
[Black "Redzishchess"]
[Result "0-1"]
[WhiteElo "2693"]
[BlackElo "2517"]
[TimeControl "180+1"]
[EndTime "14:38:16 PDT"]
[Termination "Redzishchess won by checkmate"]

1. e4 c5 2. Nf3 d6 3. d4 cxd4 4.
Nxd4 Nf6 5. Nc3 g6 6. Be3 Bg7 7. f3 O-O 8. Qd2 Nc6 9. O-O-O d5 10. exd5 Nxd5 11. Nxc6 bxc6 12. Bd4 e5 13. Bc5 Be6 14. Ne4 Re8 15. h4 h6 16. h5 g5 17. g4 Qc7 18.
Bc4 Red8 19. Qf2 Nc3 20. Rxd8+ Rxd8 21. Bxe6 Nxe4 22. fxe4 fxe6 23. Qe2 Qa5 24. Ba3 Bf8 25. Bxf8 Qxa2 26. c3 Qa1+ 27. Kc2 Qxh1 28. Be7 Rd7 29. Bc5 Rf7 30. Qc4 Qg2+ 31. Kb3 Qxg4 32. Qb4 Qxh5 33. Qb8+ Kg7 34. Qxe5+ Kh7 35. Bd4 Qd1+ 36. Ka2 Qa4+ 37.
Kb1 Rf1# 0-1

[Event "Late-Titled-Tuesday-Blitz-March-19-2024"]
[Site "Chess.com"]
[Date "2024.03.19"]
[Round "4"]
[White "Willhaven3"]
[Black "mac0504"]
[Result "0-1"]
[WhiteElo "2510"]
[BlackElo "2717"]
[TimeControl "180+1"]
[EndTime "14:38:17 PDT"]
[Termination "mac0504 won by checkmate"]

1. e4 Nc6 2. Nf3 d6 3. Bb5 Nf6 4. Nc3 a6 5. Ba4 b5 6. Bb3 e5 7.
d3 Be7 8. Ne2 O-O 9. Ng3 Na5 10.
O-O h6 11. Bd2 Nxb3 12. axb3 Re8 13. h3 Bb7 14. Nf5 Bf8 15. Nh2 Kh7 16. Ng4 Ng8 17. Qf3 Re6 18. Qg3 Rg6 19. Nh4 Re6 20. f4 exf4 21.
Qxf4 Qxh4 22. Qxf7 Qe7 23. Qf5+ Kh8 24. Bc3 Qe8 25. Rf3 Qg6 26. Qf4 Be7 27. Raf1 Rf8 28. Qxf8 Bxf8 29. Rxf8 Re8 30. R8f7 Re7 31. Bxg7+ Qxg7 32. Rxg7 Kxg7 33. Ne3 Rf7 34. Nf5+ Kf8 35. g4 Bc8 36.
Kf2 Bxf5 37. exf5 Nf6 38. Kg3 Re7 39. Rf2 Re3+ 40. Kh4 Kf7 41. b4 c5 42. bxc5 dxc5 43. Rh2 a5 44. g5 hxg5+ 45. Kxg5 a4 46. Kf4 Nd5+ 47. Kg5 b4 48. h4 Rg3+ 49. Kh6 a3 50.
bxa3 bxa3 51. c4 Nb4 52. h5 a2 53. Rh1 Nc2 54. Rc1 a1=Q 55. Rxc2 Qg7# 0-1

[Event "Late-Titled-Tuesday-Blitz-March-19-2024"]
[Site "Chess.com"]
[Date "2024.03.19"]
[Round "4"]
[White "TigrVShlyape"]
[Black "Zq1"]
[Result "1-0"]
[WhiteElo "2934"]
[BlackElo "2632"]
[TimeControl "180+1"]
[EndTime "14:38:18 PDT"]
[Termination "TigrVShlyape won on time"]

1. e4 c5 2. Nf3 d6 3. d4 cxd4 4. Nxd4 Nf6 5. Nc3 Nc6 6. Bg5 e6 7. Qd2 Be7 8. Nb3 O-O 9. Be2 a6 10. a4 b6 11. O-O h6 12. Bf4 Bb7 13. Rfd1 Ne5 14. f3 Rc8 15. Kh1 Qc7 16. Qe1 Ng6 17.
Bg3 Nh5 18. Bf2 Nhf4 19. Bf1 d5 20. exd5 Nxd5 21. Nxd5 Bxd5 22. Bxa6 Ra8 23. Bd3 Bf6 24. Nd4 Nf4 25. Be4 Rfd8 26. Nb5 Qb7 27. Bxd5 Nxd5 28. Bd4 Bg5 29. Qe4 Qe7 30. c4 Nf6 31. Qe2 Qb4 32. Qc2 Nh5 33. Bxb6 Rxd1+ 34. Rxd1 Nf4 35. b3 Ng6 36. Bc7 1-0

[Event "Late-Titled-Tuesday-Blitz-March-19-2024"]
[Site "Chess.com"]
[Date "2024.03.19"]
[Round "4"]
[White "MaxLeto"]
[Black "JoakimVonAnd"]
[Result "0-1"]
[WhiteElo "2509"]
[BlackElo "2711"]
[TimeControl "180+1"]
[EndTime "14:38:18 PDT"]
[Termination "JoakimVonAnd won on time"]

1. e4 c5 2. Nf3 a6 3. c4 d6 4. Nc3 e5 5. g3 Nf6 6. Bg2 Be6 7. d3 Be7 8. Ng5 Bg4 9. f3 Bd7 10. f4 exf4 11. gxf4 Nc6 12. O-O O-O 13. Kh1 Nd4 14. Nf3 Bg4 15. Be3 b5 16. b3 Nxf3 17. Bxf3 Bh3 18. Rg1 b4 19. Ne2 a5 20. Qe1 Bd7 21. Qg3 Ne8 22. d4 f5 23. e5 dxe5 24.
dxe5 Ra6 25. Rad1 Qc7 26. Qh3 Kh8 27. Bd5 Rh6 28. Qf3 Bc6 29. Rg3 a4 30. Rdg1 a3 31. Rh3 Rxh3 32. Qxh3 Qb7 33. Qf3 Bxd5 34. cxd5 Nc7 35.
Rd1 Rd8 36. Ng3 Rxd5 37. Rxd5 Qxd5 38. Qxd5 Nxd5 39. Nxf5 Bf8 40. Bf2 Nc3 41. Ne3 Nxa2 42. Nc4 Nc3 0-1

[Event "Late-Titled-Tuesday-Blitz-March-19-2024"]
[Site "Chess.com"]
[Date "2024.03.19"]
[Round "4"]
[White "Bryanl106"]
[Black "balack95"]
[Result "1-0"]
[WhiteElo "2678"]
[BlackElo "2457"]
[TimeControl "180+1"]
[EndTime "14:38:18 PDT"]
[Termination "Bryanl106 won by resignation"]

1. e4 c5 2. Nf3 e6 3. d4 cxd4 4. Nxd4 Nc6 5. Nc3 Qc7 6. Be3 a6 7. Qf3 h5 8. h4 b5 9. O-O-O Bb7 10. Kb1 Nf6 11. Nxc6 Bxc6 12. Bf4 e5 13. Bg5 Be7 14. Bxf6 Bxf6 15. Nd5 Bxd5 16. Rxd5 d6 17. Be2 Rc8 18. c3 Ke7 19. Rhd1 Bxh4 20. a4 bxa4 21. Rxd6 Rhd8 22. Rxd8 Rxd8 23. Qxh5 Rxd1+ 24. Bxd1 Bf6 25. Qe2 Qc6 26.
Qc2 g6 27. Qxa4 Qxa4 28. Bxa4 a5 29. Kc2 Kd6 30. Kd3 Bd8 31. Kc4 f5 32. Be8 fxe4 33.
Bxg6 Bb6 34. Bxe4 Bxf2 35. Kb5 Bh4 36. Kxa5 Kc5 37. Ka4 Kc4 38. Ka3 Be7+ 39. Ka2 Bg5 40. Kb1 Kb3 41. Bd5+ Ka4 42. Kc2 Kb5 43. Be4 Kc5 44.
b3 Bf4 45. b4+ Kc4 46. Bg6 Bg3 47. Bf7+ Kb5 48. Kd3 Be1 49. Be8+ Kb6 50. Bg6 Kb5 51. Be4 Bg3 52. Bd5 Be1 53. g4 Bh4 54. Kc2 Ka4 55.
Bc6+ Ka3 56. b5 Bd8 57. Bd7 e4 58. Bc6 e3 59. Kd3 Kb3 60. Bf3 Ba5 61. g5 Bxc3 62.
b6 Be5 63. g6 Ka4 64. b7 Kb5 65. g7 1-0

[Event "Late-Titled-Tuesday-Blitz-March-19-2024"]
[Site "Chess.com"]
[Date "2024.03.19"]
[Round "4"]
[White "GHANDEEVAM2003"]
[Black "annasargsyan_m"]
[Result "1-0"]
[WhiteElo "3032"]
[BlackElo "2635"]
[TimeControl "180+1"]
[EndTime "14:38:19 PDT"]
[Termination "GHANDEEVAM2003 won on time"]

1. Nc3 e5 2. Nf3 Nc6 3. e3 Nf6 4. Bb5 e4 5. Ng5 d5 6. f3 h6 7. Nh3 Bxh3 8. gxh3 Bb4 9. O-O O-O 10. Bxc6 bxc6 11. a3 Bxc3 12. bxc3 Rb8 13. Kh1 Qd7 14. Kg2 Rfe8 15. a4 exf3+ 16. Qxf3 Re5 17. d3 Rbe8 18. Bd2 Nh7 19. h4 Nf8 20. Kh1 Ng6 21. h5 Nh4 22.
Qe2 Qh3 23. Rf4 Rg5 24. Rg1 Rxg1+ 25. Kxg1 Re5 26. Kh1 Rg5 27. Be1 Ng2 28. Rf3 Qxh5 29. Bf2 Nh4 30. Bxh4 Qxh4 31. Rf4 Qh3 32. Qf2 f6 33. a5 d4 34. exd4 Rxa5 35. Qe1 1-0

[Event "Late-Titled-Tuesday-Blitz-March-19-2024"]
[Site "Chess.com"]
[Date "2024.03.19"]
[Round "4"]
[White "kylelancman"]
[Black "SnekkerAndersen"]
[Result "1/2-1/2"]
[WhiteElo "2470"]
[BlackElo "2706"]
[TimeControl "180+1"]
[EndTime "14:38:22 PDT"]
[Termination "Game drawn by repetition"]

1. e4 e5 2. Nf3 Nf6 3. Nc3 Bb4 4. Bc4 O-O 5. d3 c6 6. Bb3 d5 7. Bd2 Bxc3 8. Bxc3 d4 9. Bb4 Re8 10. Ng5 Be6 11. Nxe6 fxe6 12. O-O b5 13. a4 a5 14. Bd2 b4 15. Bg5 Nbd7 16. Qe2 Qe7 17. f4 h6 18. Bh4 Kh7 19. f5 exf5 20. Rxf5 Rf8 21. Raf1 Qd6 22. Bg3 Ng8 23. Qg4 Ngf6 24. Qh4 Rae8 25. Bc4 Nb6 26. Bb3 c5 27. Qh3 c4 28. Bxc4 Nxc4 29. dxc4 Nxe4 30. Bxe5 Qc5 31. Bxg7 d3+ 32. Rxc5 Rxf1+ 33. Kxf1 Nd2+ 34.
Kf2 Re2+ 35. Kg1 Re1+ 36. Kf2 Re2+ 37. Kg1 Re1+ 38. Kf2 Re2+ 1/2-1/2

[Event "Late-Titled-Tuesday-Blitz-March-19-2024"]
[Site "Chess.com"]
[Date "2024.03.19"]
[Round "4"]
[White "Jamal-Jamal-Jamal"]
[Black "zverr1"]
[Result "0-1"]
[WhiteElo "2253"]
[BlackElo "2545"]
[TimeControl "180+1"]
[EndTime "14:38:22 PDT"]
[Termination "zverr1 won by resignation"]

1. e4 c5 2. Nf3 Nc6 3. d4 cxd4 4. Nxd4 Nf6 5. Nc3 e6 6. Ndb5 Bc5 7. Bf4 O-O 8. Bc7 Qe7 9. Bd6 Bxd6 10. Qxd6 Qd8 11.
Nc7 Ne8 12. Nxe8 Rxe8 13. Be2 a6 14. O-O b5 15. e5 Bb7 16. Ne4 Qb8 17. Qxb8 Rexb8 18. Nd6 Nxe5 19. f4 Nc4 20. Nxc4 bxc4 21. Bxc4 Be4 22.
Bb3 a5 23. a4 d5 24. Kf2 Rb4 25. Ke3 Rc8 26. Rf2 f5 27. Rd1 Kf7 28. Rd4 Rb6 29.
Rfd2 Rbc6 30. c3 Rb8 31. Ba2 Rcb6 32. b4 axb4 33. cxb4 Rxb4 34. Rxb4 Rxb4 35. a5 Ra4 36. Rb2 Rxa5 37. Rb7+ Kf6 38. Bb3 d4+ 39. Kxd4 0-1

[Event "Late-Titled-Tuesday-Blitz-March-19-2024"]
[Site "Chess.com"]
[Date "2024.03.19"]
[Round "4"]
[White "Felix-Rose"]
[Black "shirovin"]
[Result "0-1"]
[WhiteElo "2269"]
[BlackElo "2048"]
[TimeControl "180+1"]
[EndTime "14:38:23 PDT"]
[Termination "shirovin won by resignation"]

1. e4 Nf6 2. e5 Nd5 3. d4 d6 4. c4 Nb6 5. exd6 exd6 6. Nc3 Be7 7. Bd3 O-O 8. Nge2 Nc6 9. d5 Ne5 10. f4 Nxd3+ 11. Qxd3 g6 12. Nd4 Re8 13. O-O Bf6 14.
Bd2 Bd7 15. Nce2 Na4 16. Rab1 Nc5 17. Qf3 a5 18. f5 Kg7 19. Bc3 Ne4 20. fxg6 hxg6 21.
Rbe1 Nxc3 22. Qxc3 Re4 23. Qd3 Qe7 24. Rd1 Re8 25. Rf2 Bg4 26. Rd2 Bg5 27. Qc3 Kg8 28. Rd3 Bxe2 29. Nxe2 Rxe2 30. h4 Be3 31. Rxe3 Qxe3 32. Qxe3 R8xe3 0-1

[Event "Late-Titled-Tuesday-Blitz-March-19-2024"]
[Site "Chess.com"]
[Date "2024.03.19"]
[Round "4"]
[White "cthake"]
[Black "lluiss"]
[Result "0-1"]
[WhiteElo "1820"]
[BlackElo "2259"]
[TimeControl "180+1"]
[EndTime "14:38:23 PDT"]
[Termination "lluiss won on time"]

1. e4 c5 2. Nf3 d6 3. d4 cxd4 4.
Nxd4 Nf6 5. Nc3 g6 6. Be3 Bg7 7. Bc4 O-O 8. f3 Nc6 9. Qd2 Bd7 10. Bb3 Ne5 11. O-O-O Qa5 12. Kb1 Rfc8 13. h4 h5 14. g4 Rxc3 15. bxc3 hxg4 16. h5 Nxh5 17.
Rxh5 gxh5 18. Bh6 Bf6 19. fxg4 hxg4 20. Rg1 Rc8 21. Nf5 Qxc3 22. Qxc3 Rxc3 23. Kb2 Rf3 24. Nd4 Nc6 25. c3 Nxd4 26. cxd4 Bxd4+ 27. Ka3 g3 28. Rg2 Be5 29. Kb4 Rf2 30. Rxf2 gxf2 31. Bc4 Bh3 32. Be3 f1=Q 33. Bxf1 Bxf1 34. Bxa7 Bd3 35. a4 Bxe4 36. a5 Bc6 37. Bb8 Kg7 38.
Kc4 Kf6 39. Bc7 Bg3 0-1

[Event "Late-Titled-Tuesday-Blitz-March-19-2024"]
[Site "Chess.com"]
[Date "2024.03.19"]
[Round "4"]
[White "Durarbayli"]
[Black "TanitoluwaAps116"]
[Result "0-1"]
[WhiteElo "2961"]
[BlackElo "2827"]
[TimeControl "180+1"]
[EndTime "14:38:24 PDT"]
[Termination "TanitoluwaAps116 won by resignation"]

1. e4 c5 2. Nf3 e6 3. d4 cxd4 4. Nxd4 Nf6 5. Nc3 Nc6 6. Nxc6 bxc6 7. Bd3 Qc7 8. O-O Be7 9. f4 e5 10. Kh1 d6 11. Qf3 exf4 12. Bxf4 O-O 13. Bc4 Be6 14.
Bxe6 fxe6 15. e5 dxe5 16. Bg3 Nd5 17. Qg4 Nf4 18. Bxf4 exf4 19. Qxe6+ Kh8 20. Rf3 Rab8 21. b3 Bf6 22. Raf1 Rb4 23. Ne2 g5 24. Rd3 Rb7 25. Ng1 Qg7 26. Rfd1 c5 27. Rd7 Rxd7 28.
Rxd7 Qg6 29. Qc4 Bd4 30. Nf3 Re8 31. h3 g4 32. Nxd4 Re1+ 0-1

[Event "Late-Titled-Tuesday-Blitz-March-19-2024"]
[Site "Chess.com"]
[Date "2024.03.19"]
[Round "4"]
[White "BebeBonito2022"]
[Black "protectiago"]
[Result "1/2-1/2"]
[WhiteElo "2290"]
[BlackElo "2069"]
[TimeControl "180+1"]
[EndTime "14:38:26 PDT"]
[Termination "Game drawn by repetition"]

1. d4 Nf6 2. c4 g6 3. Nc3 d5 4. cxd5 Nxd5 5. e4 Nxc3 6. bxc3 Bg7 7. Qa4+ Nd7 8. Nf3 O-O 9. Be2 c5 10. O-O Nb6 11. Qa3 cxd4 12. cxd4 Bg4 13. Bb2 Bxf3 14. Qxf3 Rc8 15. Rad1 Nc4 16. Ba1 Qa5 17. Qb3 Nd2 18. Qxb7 Nxf1 19. Bxf1 Qxa2 20. Qxe7 Rc2 21. e5 Rxf2 22. d5 Rd2 23. Rxd2 Qxd2 24. Qxa7 Bh6 25. Bd4 Rc8 26. e6 fxe6 27. dxe6 Rf8 28. e7 Rxf1+ 29.
Kxf1 Qc1+ 30. Kf2 Qf4+ 31. Ke2 Qd2+ 32. Kf3 Qf4+ 33. Ke2 Qd2+ 34. Kf3 Qf4+ 35. Ke2 1/2-1/2

[Event "Late-Titled-Tuesday-Blitz-March-19-2024"]
[Site "Chess.com"]
[Date "2024.03.19"]
[Round "4"]
[White "ChristopherYoo"]
[Black "dcremisi"]
[Result "1-0"]
[WhiteElo "2952"]
[BlackElo "2673"]
[TimeControl "180+1"]
[EndTime "14:38:27 PDT"]
[Termination "ChristopherYoo won by resignation"]

1. g3 Nf6 2. Bg2 g6 3. Nf3 Bg7 4. O-O O-O 5. b3 b6 6. Bb2 Bb7 7. d4 d6 8. c4 Nbd7 9. Nc3 Ne4 10.
Qc2 Nxc3 11. Bxc3 c5 12. e4 cxd4 13. Nxd4 a6 14. Rfe1 Qc7 15. Qd2 Nc5 16. Rac1 Ne6 17. Ne2 Bxc3 18. Nxc3 Nc5 19. Nd5 Bxd5 20. exd5 a5 21.
Re3 Rae8 22. Rce1 e5 23. dxe6 Rxe6 24. Bd5 Rxe3 25. Qxe3 Qd7 26. Qf3 Kg7 27. Qc3+ Kg8 28. Qf6 Ne6 29. Rxe6 fxe6 30. Bxe6+ Rf7 31. Bxf7+ Qxf7 32. Qxd6 Qa7 33. h4 Kg7 34. Qe5+ Kg8 35. h5 gxh5 36.
Qxh5 Qc7 37. Qd5+ Kh8 38. Kg2 Kg7 39. f4 Qa7 40. Kf3 Kh8 41. g4 Kg7 42. g5 a4 43. Qe5+ Kg8 44. Qe8+ Kg7 45. f5 Qb7+ 46. Kf2 1-0

[Event "Late-Titled-Tuesday-Blitz-March-19-2024"]
[Site "Chess.com"]
[Date "2024.03.19"]
[Round "4"]
[White "Horokoskii"]
[Black "NikolaGry"]
[Result "0-1"]
[WhiteElo "2175"]
[BlackElo "2702"]
[TimeControl "180+1"]
[EndTime "14:38:27 PDT"]
[Termination "NikolaGry won by checkmate"]

1. d4 d5 2. Nf3 Nc6 3. g3 Bg4 4. Bg2 Qd7 5. O-O Bh3 6. Nbd2 Bxg2 7. Kxg2 e6 8. c4 Be7 9. cxd5 exd5 10. Ne5 Nxe5 11.
dxe5 O-O-O 12. Nf3 h5 13. Be3 Kb8 14. Rc1 h4 15.
Qd4 b6 16. a4 hxg3 17. fxg3 Nh6 18. a5 Nf5 19. Qd3 Nxe3+ 20. Qxe3 g5 21. axb6 axb6 22. Ra1 Qh3+ 23. Kf2 Bc5 24. Nd4 Qg4 25. Rfd1 Rxh2+ 26. Kg1 Bxd4 27. Rxd4 Qh3 28. Ra8+ Kxa8 29. Ra4+ Kb7 30.
Qd3 Qg2# 0-1